 Dungeon Crawl Stone Soup version 0.16.0-17-g811c1d7 (console) character file.

25 mauris the Grasshopper (level 2, -2/15 HPs)
             Began as a Spriggan Warper on Mar 21, 2015.
             Slain by a goblin
             ... wielding a +2 dagger of protection
              (5 damage)
             ... on level 1 of the Dungeon.
             The game lasted 00:03:24 (1180 turns).

mauris the Grasshopper (Spriggan Warper)            Turns: 1180, Time: 00:03:25

Health: -2/15      AC:  2    Str:  7    XL:     2   Next: 82%
Magic:  8/8        EV: 18    Int: 14    God:
Gold:   45         SH:  0    Dex: 15    Spells: 2 memorised, 4 levels left

rFire  . . .     SeeInvis +     a - +0 short sword
rCold  . . .     Clarity  .     b - +0 robe {2}
rNeg   . . .     SustAb   .     (shield restricted)
rPois  .         Gourm    .     (helmet restricted)
rElec  .         Spirit   .     (no cloak)
rCorr  .         Warding  .     (gloves unavailable)
rMut   .         Stasis   .     (boots unavailable)
MR     .....                    j - amulet of inaccuracy (curse)
Stlth  +.........               (no ring)
                                (no ring)

@: very quick, not resistant to hostile enchantments, very unstealthy
A: unfitting armour, see invisible, herbivore 3, speed 3, slow metabolism 2
a: no special abilities


You were on level 1 of the Dungeon.
You were not hungry.

You visited 1 branch of the dungeon, and saw 1 of its levels.

You collected 45 gold pieces.

Inventory:

Hand weapons
 a - a +0 short sword (weapon)
Missiles
 e - a tomahawk of dispersal (quivered) {!f}
Armour
 b - a +0 robe (worn) {2}
Jewellery
 j - a cursed amulet of inaccuracy (around neck)
 k - an uncursed amulet of rage {unknown}
Scrolls
 d - a scroll of blinking
Potions
 g - a potion of curing {unknown}
 i - a potion of mutation {unknown}
Books
 c - a book of Spatial Translocations

   Spells                             Type                      Level
   a - Apportation                    Translocation                1
   b - Blink                          Translocation                2
   c - Shroud of Golubria             Charms/Translocation         2
   d - Portal Projectile              Translocation                3
   e - Teleport Other                 Translocation                3
   f - Passage of Golubria            Translocation                4
Comestibles
 f - a bread ration


   Skills:
 - Level 1.7 Fighting
 + Level 2.7 Short Blades
 - Level 1.1 Throwing
 - Level 0.7 Armour
 - Level 3.3 Dodging
 + Level 3.1 Spellcasting
 - Level 4.6 Translocations


You had 4 spell levels left.
You knew the following spells:

 Your Spells              Type           Power        Failure   Level  Hunger
A - Apportation           Tloc           ###.......   3%          1    #......
B - Blink                 Tloc           N/A          6%          2    ##.....


Dungeon Overview and Level Annotations

Branches:
Dungeon (1/15)

Altars:


Innate Abilities, Weirdness & Mutations

You are tiny and cannot use many weapons and most armour.
You have supernaturally acute eyesight.
You are a herbivore.
You cover ground extremely quickly.
You need consume almost no food.


Message History

The goblin hits you with a dagger of protection.
Huge Dmg: -20%(-3hp) hp: 47%(7hp)
You miss the goblin.
The goblin hits you with a dagger of protection.
* * * LOW HITPOINT WARNING * * *
Huge Dmg: -27%(-4hp) hp: 20%(3hp) Throwing (i - inventory):
e - 2 tomahawks of dispersal (quivered)
{!f}
Press: ? - help, Shift-Dir - straight line, f - goblin
Aim: a goblin, wielding a dagger of protection Really fire
e - 2 tomahawks of dispersal {!f}? [Y]es or [N]o only, please.
Really fire
e - 2 tomahawks of dispersal {!f}? [Y]es or [N]o only, please.
Really fire
e - 2 tomahawks of dispersal {!f}?
You throw a tomahawk of dispersal {!f}.
The tomahawk of dispersal {!f} hits the goblin.
The goblin blinks!
The goblin is severely wounded.
The goblin hits you with a dagger of protection.
You die...

#.# #..#
#.# #.##
#.# #.# #.#
#.# #.# #.#
#.# #.#
#### #.#
#.# ...#
#########.#
#.# ##.#
#..0...g@.#
#.# #.#
#.#########
#.# #.# #.#
#.# #.#
#g########
#.# #.#
#........#
#.# ##.#
#..#####.#
#.# .#.#
##.# ##.#
#.# .#.#
##.####..##
#.# .#.#
#....<....#
#.#


You could see a goblin.

Vanquished Creatures
  8 bats (D:1)
  6 goblins (D:1)
  3 hobgoblins (D:1)
  A kobold (D:1)
  A giant gecko (D:1)
  A giant newt (D:1)
  4 rats (D:1)
24 creatures vanquished.

Notes
Turn   | Place    | Note
--------------------------------------------------------------
     0 | D:1      | mauris, the Spriggan Warper, began the quest for the Orb.
     0 | D:1      | Reached XP level 1. HP: 10/10 MP: 4/4
   209 | D:1      | Huge Dmg: 2 dmg
   219 | D:1      | Huge Dmg: 4 dmg
   235 | D:1      | Huge Dmg: 1 dmg
   589 | D:1      | Reached XP level 2. HP: 13/15 MP: 7/7
   593 | D:1      | Learned a level 2 spell: Blink
   747 | D:1      | Huge Dmg: 4 dmg
  1165 | D:1      | Huge Dmg: 3 dmg
  1168 | D:1      | Huge Dmg: 3 dmg
  1169 | D:1      | Huge Dmg: 4 dmg
  1180 | D:1      | Slain by a goblin

Action                   || total
-------------------------++-------
Melee: Short sword       ||    88
Throw: Tomahawk          ||     4
  Use: Scroll            ||     2
 Stab: Sleeping          ||     2

Vault maps used:
D:1:      dpeg_arrival_sounds_drone, roderic_hopi_sauvastika
